Map: [ESL] Waterfall

Players

uThermal

  • Race: Terran Terran
  • Spawn Location: 1:00

SpeCial - Winner!

  • Race: Terran Terran
  • Spawn Location: 7:00

Event: DreamHack SC2 Masters 2022 Valencia

VOD

Have the link to the VOD?

Description

Time

  • Played on: July 2, 2022, 5:27 a.m.
  • Length: 7:46

All games in this series

Show
View Real Time Build Order
Export as new Build Order

uThermal Terran 

Build Orders:  

Get SALT Encoding   

  12  0:00  SCV  
  13  0:12  SCV  
  14  0:17  Supply Depot  
  14  0:24  SCV  
  15  0:38  SCV  
  15  0:39  Barracks  
  16  0:43  Refinery  
  16  0:50  SCV  
  16  0:53  Refinery  
  17  1:03  SCV  
  18  1:15  SCV  
  19  1:26  Reaper  
  19  1:27  Orbital Command  
  19  1:31  Supply Depot  
  20  1:46  Factory  
  20  1:52  SCV  
  21  1:58  Barracks Reactor  
  21  2:05  SCV  
  22  2:17  SCV  
  23  2:26  Command Center  
  23  2:32  Hellion  
  23  2:34  SCV  
  26  2:38  Reaper  
  26  2:41  Reaper  
  28  2:46  Supply Depot  
  28  2:49  SCV  
  29  2:55  Hellion  
  31  3:06  Starport  
  31  3:08  SCV  
  31  3:11  Marine  
  33  3:13  Marine  
  34  3:20  SCV  
  34  3:23  Factory Tech Lab  
  35  3:30  Refinery  
  35  3:31  Marine x2  
  35  3:32  SCV  
  37  3:42  Starport Tech Lab  
  37  3:44  SCV  
  38  3:48  Orbital Command  
  38  3:49  Marine x2  
  38  3:55  Cyclone  
  42  3:57  SCV  
  42  4:01  Raven  
  45  4:09  SCV, Marine x2  
  48  4:14  SCV  
  48  4:17  Supply Depot  
  49  4:21  SCV  
  52  4:32  Siege Tank, Marine x2  
  56  4:38  SCV x2  
  56  4:39  Supply Depot  
  56  4:44  Raven  
  58  4:50  SCV x2, Marine x2  
  62  4:53  Supply Depot  
  62  5:02  SCV x2  
  62  5:04  Siege Tank  
  67  5:09  Marine x2  
  69  5:14  SCV  
  69  5:15  SCV  
  69  5:17  Supply Depot  
  71  5:26  SCV  
  71  5:27  SCV  
  73  5:31  Command Center  
  73  5:36  Siege Tank  
  73  5:39  SCV  
  77  5:43  Viking  
  77  5:44  Viking  
  77  5:48  SCV, Supply Depot  
  82  5:51  SCV  
  82  5:53  Stimpack  
  82  5:54  Marine  
  84  6:00  SCV  
  84  6:03  Refinery, SCV  
  84  6:04  Supply Depot  
  86  6:13  Viking, Siege Tank  
  86  6:14  SCV  
  86  6:18  Viking  
  94  6:21  Supply Depot  
  95  6:25  SCV, Marine  
  95  6:27  SCV  
  97  6:37  Supply Depot  
  97  6:39  SCV  
  98  6:43  Marine  
  98  6:44  Viking  
  98  6:45  Siege Tank  
  103  6:48  Viking  
  105  6:54  SCV  
  105  7:01  Supply Depot, SCV, Marine  
  107  7:07  SCV  
  107  7:18  SCV  
  107  7:19  Marine  
  107  7:20  SCV  
  115  7:30  SCV x2  
Show
View Real Time Build Order
Export as new Build Order

SpeCial Terran - Winner!

Build Orders:  

Get SALT Encoding   

  12  0:00  SCV  
  13  0:12  SCV  
  14  0:17  Supply Depot  
  14  0:24  SCV  
  15  0:38  SCV  
  15  0:40  Barracks  
  16  0:43  Refinery  
  16  0:51  SCV  
  16  0:52  Refinery  
  17  1:03  SCV  
  18  1:15  SCV  
  19  1:27  Orbital Command  
  19  1:28  Reaper  
  19  1:31  Supply Depot  
  20  1:42  Factory  
  20  1:54  SCV  
  21  2:00  Reaper  
  22  2:06  SCV  
  23  2:18  SCV  
  24  2:24  Command Center  
  24  2:29  Hellion  
  26  2:34  Barracks Reactor  
  26  2:36  SCV  
  27  2:42  Supply Depot  
  27  2:48  SCV  
  28  2:52  Starport  
  28  2:53  Factory Tech Lab  
  28  3:00  SCV  
  29  3:10  Marine x2  
  31  3:13  Cyclone  
  31  3:14  SCV  
  34  3:27  SCV, Marine  
  34  3:28  Marine  
  34  3:29  Starport Tech Lab  
  37  3:37  Orbital Command  
  37  3:39  SCV  
  38  3:45  Marine x2  
  38  3:48  Raven  
  38  3:52  SCV  
  41  4:00  Refinery  
  41  4:04  SCV x2  
  41  4:05  Siege Tank  
  46  4:11  Marine x2  
  46  4:16  Refinery  
  48  4:19  Supply Depot  
  48  4:21  SCV x2  
  50  4:29  Marine x2  
  51  4:33  SCV x2  
  53  4:40  Raven  
  56  4:45  SCV x2  
  56  4:52  Supply Depot  
  60  4:53  Starport  
  60  4:55  Marine x2  
  60  4:59  Siege Tank  
  61  5:02  SCV  
  62  5:10  Supply Depot  
  62  5:13  Marine x2  
  62  5:14  SCV  
  65  5:16  Supply Depot  
  65  5:17  SCV  
  66  5:23  Raven  
  66  5:26  SCV  
  69  5:29  SCV  
  69  5:32  Siege Tank  
  73  5:38  SCV  
  74  5:42  Viking  
  74  5:43  Viking, Marine  
  74  5:45  SCV  
  74  5:48  Supply Depot  
  80  5:50  SCV  
  81  5:59  SCV  
  81  6:01  Marine  
  81  6:02  SCV  
  84  6:10  Viking, Siege Tank, Supply Depot  
  89  6:12  Viking  
  89  6:16  Viking  
  92  6:19  Marine  
  92  6:20  Supply Depot  
  92  6:23  SCV  
  94  6:37  Marine  
  96  6:40  SCV  
  96  6:42  Viking x2, Siege Tank  
  96  6:46  Viking  
  105  6:55  SCV x2, Supply Depot  
  105  6:56  Supply Depot, Marine  
  108  7:11  SCV  
  115  7:23  SCV  

Tags
 
Add a new tag
Caveats
  • Supply blocks, unpowered buildings, or Contaminate may cause inaccurate times.
  • Supply counts are checked every 10 seconds.